 Dungeon Crawl Stone Soup version 0.15-a0-1253-g15b4f57 (webtiles) character file.

94 MDvedh the Cudgeler (level 4, -4/35 HPs)
             Began as a Demonspawn Berserker on June 4, 2014.
             Was a Believer of Trog.
             Slain by Borgoz's ghost (6 damage)
             ... on Level 3 of the Dungeon.
             The game lasted 00:03:57 (2121 turns).

MDvedh the Cudgeler (Demonspawn Berserker)          Turns: 2121, Time: 00:03:57

HP  -4/35        AC 10     Str 18      XL: 4   Next: 38%
MP   4/4         EV  6     Int  8      God: Trog [**....]
Gold 80          SH  0     Dex 13      Spells:  0 memorised,  3 levels left

rFire  . . .     SeeInvis .     a - +0 mace
rCold  . . .     Clarity  .     d - +0 chain mail
rNeg   . . .     rCorr    .     (no shield)
rPois  .         rRot     .     (helmet restricted)
rElec  .         Spirit   .     (no cloak)
SustAb .         Warding  .     (no gloves)
rMut   .         Stasis   .     (no boots)
Gourm  .                        (no amulet)
MR     +....                    (no ring)
                                j - ring of protection from magic

@: exhausted, slowed, very slow, somewhat resistant to hostile enchantments,
extremely unstealthy
A: antennae 2, yellow scales 1
a: Burn Spellbooks, Berserk, Trog's Hand, Renounce Religion


You were on level 3 of the Dungeon.
You worshipped Trog.
Trog was pleased with you.
You were very hungry.

You visited 1 branch of the dungeon, and saw 3 of its levels.

You collected 80 gold pieces.

Inventory:

Hand weapons
 a - a +0,+0 mace (weapon)
Missiles
 r - 2 tomahawks (quivered)
Armour
 b - a +0 animal skin
 d - a +0 chain mail (worn)
Comestibles
 c - 2 bread rations
 o - a meat ration
Scrolls
 f - a scroll of teleportation {unknown}
 g - a scroll of recharging {unknown}
 h - a scroll of enchant weapon II {unknown}
 i - 2 scrolls of identify {unknown}
 k - 3 scrolls of remove curse {unknown}
 m - a scroll of enchant armour {unknown}
 n - a scroll of fog {unknown}
 q - a scroll of amnesia {unknown}
Jewellery
 j - a ring of protection from magic (left hand)
Potions
 e - a potion of might {unknown}
 l - a potion of curing {unknown}
 p - a potion of brilliance {unknown}
 s - a potion of invisibility {unknown}


   Skills:
 - Level 3.0 Fighting
 + Level 4.7 Maces & Flails
 - Level 1.7 Armour
 - Level 1.7 Dodging


You had 3 spell levels left.
You didn't know any spells.

Dungeon Overview and Level Annotations

Branches:
Dungeon (3/15)

Altars:
Yredelemnul

Annotations:
D:3 Borgoz's ghost, average DsAE


Innate Abilities, Weirdness & Mutations

You have a pair of antennae on your head.
You are partially covered in yellow scales (AC +2).


Message History

You hit Borgoz's ghost.
Borgoz's ghost is almost destroyed.
Borgoz's ghost gestures at you while chanting.
The zap hits you!
* * * LOW HITPOINT WARNING * * *
Borgoz's ghost hits you but does no damage.
You are too injured to fight recklessly!
You are too injured to fight recklessly!
You are too injured to fight recklessly!
You are too injured to fight recklessly!
You are too injured to fight recklessly!
Drink which item? (? for menu, Esc to quit)
Okay, then.
Unknown command.
Unknown command.
Unknown command.
You hit Borgoz's ghost but do no damage.
Borgoz's ghost is almost destroyed.
Borgoz's ghost hits you.
You die...

#.# ##....####.... #.#
##.#......### #.#
#.######.# # #####.#####
#.# #.# # #.........# #'#
#.# #..######.# #...##
#.### #. #.# #.....##
#.... #
#.##.<.....######.
#@#.........####..
.......W.'.........'.....
.#...##.#.........####..
##. #.##.......## ##. (.
..###.....## ## # ###
##...## # ##'## #.# #.#


You could see Borgoz's ghost.

Vanquished Creatures
  Natasha (D:3)
  2 adders (D:2)
  A giant mite (D:3)
  A worm (D:2)
  An orc (D:3)
  A ball python (D:2)
  A giant cockroach (D:2)
  6 goblins
  2 hobgoblins
  2 jackals (D:1)
  11 bats
  2 giant newts
  4 kobolds
  7 rats
42 creatures vanquished.

Notes
Turn   | Place    | Note
--------------------------------------------------------------
     0 | D:1      | MDvedh, the Demonspawn Berserker, began the quest for the Orb.
     0 | D:1      | Reached XP level 1. HP: 18/18 MP: 1/1
   380 | D:1      | Gained mutation: You have a pair of small antennae on your head. [demonic ancestry]
   380 | D:1      | Reached XP level 2. HP: 24/24 MP: 2/2
   897 | D:2      | Acquired Trog's second power
   919 | D:2      | Gained mutation: You have a pair of antennae on your head. [demonic ancestry]
   919 | D:2      | Reached XP level 3. HP: 29/29 MP: 3/3
  1352 | D:2      | Reached skill level 4 in Maces & Flails
  1829 | D:3      | Noticed Natasha
  1836 | D:3      | Killed Natasha
  1836 | D:3      | Gained mutation: You are partially covered in yellow scales (AC +2). [demonic ancestry]
  1836 | D:3      | Reached XP level 4. HP: 33/35 MP: 4/4
  1920 | D:3      | Found a basalt altar of Yredelemnul.
  2102 | D:3      | Noticed Borgoz's ghost (average DsAE)
  2121 | D:3      | Slain by Borgoz's ghost

Action                   |  1- 3 |  4- 6 || total
-------------------------+-------+-------++-------
Melee: Mace              |   139 |    20 ||   159
Throw: Tomahawk          |       |     1 ||     1
Invok: Berserk           |     1 |     1 ||     2
       Trog's Hand       |     1 |       ||     1
